Map: Lerilak Crest

Players

AcerBly (Bly)

  • Race: Zerg Zerg
  • League: Grandmaster

Serral - Winner!

  • Race: Zerg Zerg
  • League: Grandmaster

Event: NationWars III

VOD

Have the link to the VOD?

Description

Time

  • Played on: Jan. 2, 2016, 4:03 p.m.
  • Length: 10:37

All games in this series

Show
View Real Time Build Order
Export as new Build Order

AcerBly Zerg 

Build Orders: Pool First, Zergling Baneling 

Get SALT Encoding   

  12  0:01  Drone  
  13  0:11  Drone  
  14  0:15  Extractor  
  13  0:28  Spawning Pool  
  13  0:32  Drone  
  13  0:36  Drone  
  14  0:45  Extractor  
  14  0:46  Drone  
  15  0:55  Overlord  
  15  1:15  Queen  
  15  1:16  Metabolic Boost  
  17  1:20  Zergling x2  
  17  1:24  Zergling x2  
  19  1:29  Zergling x2  
  20  1:38  Baneling Nest  
  19  1:42  Zergling x2  
  20  1:48  Zergling x2  
  20  1:54  Overlord  
  21  2:05  Zergling x2  
  22  2:18  Zergling x2  
  22  2:22  Baneling x2  
  23  2:23  Baneling  
  23  2:25  Zergling x6  
  23  2:28  Baneling  
  26  2:30  Zergling x2  
  27  2:39  Baneling  
  27  2:41  Zergling x2  
  25  3:00  Zergling x4  
  25  3:01  Zergling x4  
  27  3:15  Drone  
  27  3:19  Baneling x2  
  27  3:21  Drone  
  27  3:25  Baneling  
  28  3:29  Drone  
  29  3:41  Drone  
  29  3:54  Overlord  
  29  3:56  Hatchery  
  29  4:02  Overlord  
  28  4:07  Evolution Chamber  
  25  4:24  Drone x2  
  25  4:25  Drone  
  25  4:29  Drone  
  24  4:36  Zergling x4  
  26  4:41  Drone  
  27  4:50  Zergling x6  
  30  4:56  Drone  
  30  4:59  Baneling  
  29  5:00  Baneling x3  
  29  5:06  Queen  
  31  5:13  Drone x2  
  31  5:24  Drone  
  31  5:25  Drone x2  
  34  5:33  Drone x3  
  37  5:36  Zergling x2  
  38  5:46  Zergling x2  
  39  5:50  Drone  
  39  5:54  Overlord  
  39  5:55  Baneling x2  
  40  6:00  Drone  
  41  6:08  Overlord, Baneling x2  
  41  6:09  Drone x3  
  44  6:14  Drone  
  44  6:18  Extractor  
  44  6:20  Drone x2  
  44  6:28  Drone x2  
  44  6:31  Drone x2  
  48  6:41  Lair  
  48  6:42  Zerg Missile Weapons Level 1  
  48  6:44  Drone, Extractor  
  48  6:45  Hatchery  
  47  6:53  Roach Warren  
  46  6:55  Extractor  
  46  6:57  Drone x3  
  46  6:58  Drone  
  49  7:02  Overlord  
  48  7:12  Drone  
  48  7:13  Drone  
  50  7:16  Drone x3  
  50  7:17  Overlord x2  
  53  7:36  Roach x4  
  61  7:41  Glial Reconstitution  
  61  7:43  Queen  
  63  7:46  Roach x3  
  63  7:49  Overlord  
  68  7:52  Roach x2  
  68  7:56  Drone  
  73  7:58  Drone x2  
  73  8:02  Ravager x4  
  79  8:06  Drone  
  80  8:16  Drone  
  80  8:17  Drone x4  
  85  8:20  Overlord  
  85  8:22  Overlord  
  85  8:28  Roach x2  
  85  8:32  Overlord x2  
  88  8:48  Roach x8  
  97  8:52  Roach x3  
  103  8:57  Roach x3  
  103  9:02  Ravager x3  
  106  9:03  Roach x2  
  106  9:06  Roach  
  106  9:07  Roach  
  103  9:21  Roach  
  103  9:22  Roach x6  
  102  9:24  Queen  
  102  9:27  Roach  
  99  9:33  Roach  
  99  9:34  Roach x2  
  88  9:41  Roach x2  
  88  9:45  Roach x2  
  86  9:50  Roach x2  
  83  9:56  Roach  
  83  9:57  Roach  
  76  10:02  Overlord  
  76  10:05  Roach  
  66  10:13  Roach x3  
Show
View Real Time Build Order
Export as new Build Order

Serral Zerg - Winner!

Build Orders: Pool First 

Get SALT Encoding   

  12  0:01  Drone  
  13  0:12  Overlord  
  13  0:17  Drone  
  14  0:30  Drone  
  14  0:31  Drone  
  14  0:35  Drone  
  17  0:41  Extractor  
  16  0:45  Drone  
  17  0:50  Spawning Pool  
  17  0:56  Drone  
  17  1:07  Drone  
  18  1:17  Drone  
  19  1:25  Hatchery  
  18  1:38  Queen  
  20  1:40  Metabolic Boost  
  20  1:44  Zergling x2  
  21  1:51  Zergling x2  
  22  1:54  Overlord  
  22  2:01  Baneling Nest  
  22  2:05  Zergling x2  
  22  2:12  Spine Crawler  
  21  2:16  Zergling x2  
  22  2:25  Zergling x2  
  23  2:36  Zergling x2  
  24  2:41  Zergling x2  
  25  2:45  Baneling x3  
  24  2:54  Drone  
  19  3:01  Drone x2  
  21  3:16  Baneling  
  20  3:24  Queen x2  
  24  3:35  Baneling  
  24  3:37  Extractor  
  24  3:41  Drone x2  
  26  3:44  Extractor  
  25  3:50  Drone  
  27  3:57  Drone  
  27  4:00  Drone  
  29  4:07  Overlord  
  29  4:11  Drone  
  29  4:25  Drone x3  
  29  4:26  Drone  
  31  4:34  Overlord  
  31  4:35  Drone  
  32  4:41  Drone x2  
  32  4:45  Drone  
  35  4:48  Drone  
  35  4:50  Drone  
  37  4:58  Overlord  
  36  5:00  Zergling x4  
  36  5:06  Zergling x6  
  41  5:09  Baneling  
  41  5:19  Drone x2  
  41  5:20  Drone x2  
  40  5:24  Drone x2  
  40  5:34  Zergling x2  
  41  5:44  Zergling x2  
  42  5:50  Drone, Extractor  
  42  5:51  Evolution Chamber, Drone  
  42  5:52  Lair, Extractor  
  42  5:55  Roach Warren  
  42  5:56  Baneling  
  40  6:00  Drone x3  
  43  6:05  Drone x2  
  45  6:13  Overlord  
  44  6:18  Drone  
  44  6:19  Drone x2  
  46  6:30  Drone x3  
  48  6:35  Zerg Missile Weapons Level 1, Overlord  
  48  6:38  Zergling x6  
  48  6:39  Zergling x2  
  51  6:46  Queen  
  53  6:50  Queen  
  55  6:58  Baneling Nest  
  55  7:00  Roach x2  
  57  7:08  Roach x3  
  61  7:13  Roach x2  
  64  7:16  Glial Reconstitution  
  64  7:27  Hatchery  
  63  7:32  Nydus Network  
  63  7:33  Roach  
  63  7:36  Roach  
  66  7:38  Roach  
  66  7:41  Roach  
  66  7:44  Roach  
  72  7:46  Roach  
  72  7:48  Zergling x2  
  75  7:51  Overlord  
  75  7:56  Overlord  
  75  7:59  Overseer  
  75  8:10  Nydus Canal  
  75  8:11  Roach x3  
  81  8:14  Overlord  
  81  8:17  Roach  
  83  8:31  Nydus Canal  
  83  8:33  Roach  
  83  8:34  Roach x4  
  93  8:40  Roach x2  
  94  8:49  Nydus Canal  
  94  8:55  Roach x4  
  100  9:05  Nydus Canal  
  100  9:06  Roach  
  100  9:09  Roach  
  98  9:17  Roach  
  98  9:18  Roach x2  
  98  9:27  Roach x2  
  98  9:28  Roach  
  98  9:30  Roach  
  96  9:34  Roach  
  96  9:37  Roach  
  90  9:43  Roach x2  
  92  9:49  Roach  
  80  10:02  Roach x2  
  80  10:03  Roach x2  
  80  10:04  Roach  
  80  10:06  Roach x2  
  88  10:14  Roach x2  
Tags
 
Add a new tag
Caveats
  • Supply blocks, unpowered buildings, or Contaminate may cause inaccurate times.
  • Supply counts are checked every 10 seconds.